 Dungeon Crawl Stone Soup version 0.27-a0-1191-g601b473118 (webtiles) character file.

Game seed: 4929430296271986175

22 shoop the Sneak (level 2, -4/24 HPs)
             Began as a Demonspawn Delver on May 23, 2021.
             Slain by a bullfrog (6 damage)
             ... on level 3 of the Dungeon.
             The game lasted 00:01:29 (609 turns).

shoop the Sneak (Demonspawn Delver)                  Turns: 609, Time: 00:01:30

Health: -4/24      AC:  3    Str: 11 (12) XL:     2   Next: 68%
Magic:  2/2        EV: 11    Int: 10 (11) God:
Gold:   18         SH:  0    Dex: 11 (14) Spells: 1/1 levels left

rFire    . . .     SeeInvis .   a - +0 falchion
rCold    . . .     Faith    .   (no shield)
rNeg     . . .     Spirit   .   b - +0 leather armour
rPois    .         Reflect  .   (helmet restricted)
rElec    .         Harm     .   (no cloak)
rCorr    .         Rampage  .   (no gloves)
Will     .....                  (no boots)
Stlth    ++........             (no amulet)
HPRegen  0.08/turn              (no ring)
MPRegen  0.08/turn              (no ring)

@: flying, hasted, very quick
A: horns 1
a: no special abilities


You were on level 3 of the Dungeon.
You visited 1 branch of the dungeon, and saw 3 of its levels.

You collected 18 gold pieces.

Inventory:

Hand Weapons
 a - a +0 falchion (weapon)
Armour
 b - a +0 leather armour (worn)
Wands
 g - a wand of digging (3)
Scrolls
 c - a scroll of fog
 d - a scroll of magic mapping
 e - a scroll of fear


   Skills:
 + Level 3.2 Fighting
 + Level 2.1 Long Blades
 + Level 0.3 Armour
 + Level 1.8 Dodging
 + Level 4.9 Stealth


You had one spell level left.
You didn't know any spells.
Your spell library was empty.

Dungeon Overview and Level Annotations

Branches:
Dungeon (5/15)
 Temple: D:4-7

Altars:
Vehumet

Shops:
D:4 [

Annotations:
D:4 exclusions: endoplasm, goblin and ogre


Innate Abilities, Weirdness & Mutations

You have a pair of small horns on your head.


Message History

You barely miss the kobold.
The kobold is heavily wounded.
The kobold closely misses you.
You riposte.
You closely miss the kobold.
The kobold is heavily wounded.
You closely miss the kobold.
The kobold is heavily wounded.
The kobold hits you with a +0 dagger.
You hit the kobold but do no damage.
The kobold is heavily wounded.
The kobold hits you but does no damage.
You hit the kobold.
You kill the kobold!
The bullfrog hits you!
You closely miss the bullfrog. The bullfrog misses you.
You riposte.
You barely miss the bullfrog. The bullfrog closely misses you.
You riposte.
You barely miss the bullfrog. Your headbutt misses the bullfrog.
You hit the bullfrog but do no damage. The bullfrog closely misses you.
You hit the bullfrog but do no damage. Your headbutt misses the bullfrog.
The bullfrog closely misses you.
You riposte.
You hit the bullfrog.
The bullfrog is lightly wounded.
The bullfrog hits you.
You barely miss the bullfrog.
The bullfrog is lightly wounded.
The bullfrog hits you. The bullfrog closely misses you.
You hit the bullfrog.
The bullfrog is moderately wounded.
The bullfrog closely misses you. x2
You barely miss the bullfrog.
The bullfrog is moderately wounded.
The bullfrog hits you. x2
* * * LOW HITPOINT WARNING * * *
You feel yourself speed up. The bullfrog closely misses you.
You barely miss the bullfrog.
The bullfrog is moderately wounded.
The bullfrog hits you.
* * * LOW HITPOINT WARNING * * *
You closely miss the bullfrog.
The bullfrog is moderately wounded.
The bullfrog hits you.
You die...

..# #.# ... #.# #.# #.#
. # #)######..##
.####.#######.)........#
......$gF@.............#
......########..###....#
.###. #...##o...# #
#.........# ###..#...#
##†#...# #.....# ##....#
#....#


You could see a bullfrog and a hobgoblin.

Vanquished Creatures
  A howler monkey skeleton (D:4)
  3 orcs (D:3)
  A giant cockroach (D:4)
  A hobgoblin (D:4)
  A kobold (D:3)
  2 rats (D:3)
9 creatures vanquished.

Notes
Turn   | Place    | Note
-------+----------+-------------------------------------------
     0 | D:5      | shoop the Demonspawn Delver began the quest for the Orb.
     0 | D:5      | Reached XP level 1. HP: 18/18 MP: 1/1
    21 | D:4      | Gained mutation: You have a pair of small horns on your
                  | head. [demonic ancestry]
    21 | D:4      | Reached XP level 2. HP: 9/24 MP: 2/2
   214 | D:4      | Found a radiant altar of Vehumet.
   214 | D:4      | Noticed an ogre
   241 | D:4      | Found Garum's Antique Armour Emporium.
   588 | D:3      | Noticed a bullfrog
   609 | D:3      | Slain by a bullfrog

Illustrated notes

Levels and vault maps discovered:
D:3:      layout_basic, nicolae_overflow_hidden_temple
D:4:      layout_cave_pools, gammafunk_ghost_nasty_kobolds, serial_shops, shop,
          minmay_ruined_shrine
D:5:      layout_basic, patterned_corridor

Skill      XL: |  1  2 |
---------------+-------+-----
Long Blades    | 2 |  2.1
Fighting       | |  3.2
Armour         | |  0.3
Dodging        | |  1.8
Stealth        | |  4.9

Action                   || total
-------------------------++-------
Melee: Falchion          ||    48
       Headbutt          ||     4
  Use: Potion            ||     3
Armor: Leather armour    ||    15
Dodge: Dodged            ||    25
       Rpst.: Falchion   ||     9

Table legend: (Time is in decaauts)
 A = Elapsed time spent in this place.
 B = Non-inter-level travel time spent in this place.
 C = Inter-level travel time spent in this place.
 D = Time resting spent in this place.
 E = Time spent auto-exploring this place.
 F = Levels seen in this place.
 G = Mean time per level.
                   A        B        C        D        E       F      G
               +--------+--------+--------+--------+--------+-----+--------+
         Total |    617 |    617 |      0 |    427 |     38 |   3 |  205.7 |
       Dungeon |    617 |    617 |      0 |    427 |     38 |   3 |  205.7 |
               +--------+--------+--------+--------+--------+-----+--------+

Top non-repeatable levels by time:
     D:4: 462 daAuts
     D:3: 148 daAuts
     D:5: 7 daAuts
